[Event "Titled Tuesday Blitz October 11 Early 2022"]
[White "Melaugh, Shane"]
[Black "Bharath Subramaniyam H"]
[WhiteFideId "2509580"]
[BlackFideId "46634827"]
[WhiteElo "2025"]
[BlackElo "2395"]
[Result "0-1"]
[Round "01"]
[TimeControl "180+1"]
[Date "2022.10.12"]
[WhiteClock "0:01:57"]
[BlackClock "0:02:20"]

1. c4 c6 2. Nc3 d5 3. d4 e6 4. Nf3 dxc4 5. a4 Bb4 6. e3 b5 7. Be2 Bb7 8. O-O a6 9. e4 Ne7 10. Bg5 h6 11. Bh4 Nd7 12. e5 Qc7 13. Ne4 Nf5 14. axb5 cxb5 15. Nc3 O-O 16. d5 Bxc3 17. d6 Qc6 18. bxc3 Nxh4 19. Nxh4 Nxe5 20. Nf3 Rad8 21. Nxe5 Qxg2# 0-1


[Site "https://www.chess.com"]

[Event "Titled Tuesday Blitz October 11 Early 2022"]
[White "Melikhov, Evgeny V."]
[Black "Molina, Roberto Junio Brito"]
[WhiteFideId "4122046"]
[BlackFideId "2109450"]
[WhiteElo "2169"]
[BlackElo "2388"]
[Result "0-1"]
[Round "01"]
[TimeControl "180+1"]
[Date "2022.10.12"]
[WhiteClock "0:00:04"]
[BlackClock "0:00:16"]

1. d4 d5 2. c4 c6 3. Nc3 Nf6 4. e3 a6 5. c5 Bf5 6. f4 e6 7. Nf3 h6 8. Be2 Nbd7 9. O-O Ne4 10. Nxe4 Bxe4 11. Bd2 Be7 12. b4 O-O 13. a4 f6 14. Bc3 Qc7 15. b5 axb5 16. axb5 cxb5 17. Bxb5 Rxa1 18. Qxa1 Nb8 19. Qa5 Qc8 20. Ra1 Nc6 21. Bxc6 Qxc6 22. Ra2 e5 23. dxe5 Bxf3 24. exf6 Bxc5 25. gxf3 Bxe3+ 26. Kg2 d4 27. Bd2 Rxf6 28. Bxe3 dxe3 29. Qe5 Re6 30. Ra8+ Kh7 31. Qf5+ Rg6+ 32. Kh3 Qxf3+ 33. Kh4 Qf2+ 34. Kh3 Qg2+ 0-1


[Site "https://www.chess.com"]

[Event "Titled Tuesday Blitz October 11 Early 2022"]
[White "Migot, Tangi"]
[Black "Boros, Denes"]
[WhiteFideId "662445"]
[BlackFideId "722340"]
[WhiteElo "2458"]
[BlackElo "2464"]
[Result "1/2-1/2"]
[Round "01"]
[TimeControl "180+1"]
[Date "2022.10.12"]
[WhiteClock "0:00:14"]
[BlackClock "0:00:10"]

1. e4 Nc6 2. Nf3 g6 3. Bc4 Bg7 4. d4 d6 5. d5 Na5 6. Bd3 c5 7. h3 Nf6 8. c4 O-O 9. Nc3 e6 10. O-O Re8 11. Bg5 h6 12. Bd2 b6 13. Qc2 e5 14. a3 Nh5 15. b4 Nb7 16. Rfe1 Nf4 17. Bf1 Bd7 18. Na4 Rc8 19. bxc5 Bxa4 20. Qxa4 Nxc5 21. Qc2 Qd7 22. a4 g5 23. Nh2 h5 24. a5 Rf8 25. axb6 axb6 26. Rab1 Rb8 27. Qd1 f5 28. g3 Nfd3 29. Qxh5 Nxe1 30. Bxe1 Nxe4 31. Nf3 f4 32. Bd3 Nf6 33. Qg6 e4 34. Bxe4 Nxe4 35. Qxe4 Qxh3 36. Nxg5 Qf5 37. Qe6+ Kh8 38. gxf4 Rf6 39. Qxf5 Rxf5 40. Bd2 b5 41. Ne6 Kg8 42. Be3 b4 43. c5 Rxd5 44. c6 Rdb5 45. c7 Ra8 46. Rd1 Kf7 47. Rxd6 Ra1+ 48. Kg2 Ra8 49. Rd8 Rba5 50. c8=Q Rxc8 51. Rxc8 Kxe6 52. Rb8 Ra4 53. Bc5 Bc3 54. f5+ Kd5 55. Be7 Ke5 56. f6 Ke6 57. Rb6+ Kf7 58. Rb7 Ke6 59. Rb6+ Kf7 60. Rb7 Ke6 61. f3 Kf7 62. Kg3 Ke6 63. f4 Bxf6 64. Bxf6 Kf5 65. Rb5+ Kxf6 66. Kg4 Kg6 67. Rb6+ Kf7 68. Kg5 Kg7 69. f5 Kf7 70. Rb7+ Kf8 71. Kg6 Ra1 72. Kf6 Ra6+ 73. Kg5 Rc6 74. Rxb4 Kf7 75. Rb7+ Kf8 76. f6 Rc1 77. Rb8+ Kf7 78. Rb7+ Kf8 79. Kg6 Rg1+ 80. Kf5 Rf1+ 81. Kg6 Rg1+ 82. Kf5 Rf1+ 83. Kg6 Rg1+ 1/2-1/2


[Site "https://www.chess.com"]

[Event "Titled Tuesday Blitz October 11 Early 2022"]
[White "Mika, Tomasz"]
[Black "Fernandez De La Vara, Arnaldo"]
[WhiteFideId "1132970"]
[BlackFideId "3518388"]
[WhiteElo "2126"]
[BlackElo "2387"]
[Result "0-1"]
[Round "01"]
[TimeControl "180+1"]
[Date "2022.10.12"]
[WhiteClock "0:00:04"]
[BlackClock "0:00:12"]

1. d4 c5 2. d5 Nf6 3. Nc3 a6 4. a4 d6 5. Bf4 g6 6. e4 Bg7 7. Nf3 Bg4 8. Be2 Bxf3 9. Bxf3 Nbd7 10. O-O O-O 11. Re1 Ne8 12. Qd2 Nc7 13. a5 b5 14. axb6 Nxb6 15. Ra2 Nc4 16. Qc1 Rb8 17. Nd1 e6 18. c3 Ne5 19. Bxe5 Bxe5 20. Ne3 Bg7 21. Nc4 exd5 22. exd5 Qd7 23. Na5 Rfe8 24. Nc6 Rxe1+ 25. Qxe1 Re8 26. Qd2 Qf5 27. Ra1 h5 28. Re1 Rxe1+ 29. Qxe1 Kh7 30. Qe4 Qg5 31. Qe3 Bh6 32. Qxg5 Bxg5 33. Kf1 c4 34. Be2 Bc1 35. Bxc4 Bxb2 36. Nb4 a5 37. Na2 Ba3 38. Ke2 Kg7 39. Kd3 Kf6 40. g3 Kf5 41. f3 g5 42. Ke3 Bc5+ 43. Kd3 Bg1 44. h3 Bf2 45. g4+ hxg4 46. hxg4+ Kf4 47. Ke2 Be3 48. Bb3 f6 49. c4 Na6 50. Nc3 Nc5 51. Ba2 Bd4 52. Ne4 Nxe4 53. fxe4 Kxg4 54. Kf1 Kf3 55. e5 fxe5 0-1


[Site "https://www.chess.com"]

[Event "Titled Tuesday Blitz October 11 Early 2022"]
[White "Mindlin, Alon"]
[Black "Zilleruelo Irizarry, Diego"]
[WhiteFideId "2800071"]
[BlackFideId "3101460"]
[WhiteElo "2417"]
[BlackElo "1998"]
[Result "0-1"]
[Round "01"]
[TimeControl "180+1"]
[Date "2022.10.12"]
[WhiteClock "0:01:25"]
[BlackClock "0:01:06"]

1. d4 d5 2. c4 e6 3. Nf3 Nf6 4. Nc3 a6 5. c5 Ne4 6. g3 Nxc3 7. bxc3 Be7 8. Rb1 O-O 9. Bg2 c6 10. O-O Nd7 11. Bf4 Nf6 12. Ne5 Nd7 13. Nd3 Re8 14. f3 f6 15. e4 e5 16. Be3 dxe4 17. fxe4 exd4 18. cxd4 Nf8 19. d5 cxd5 20. exd5 f5 21. Bf4 Bg5 22. d6 Bxf4 23. Nxf4 Kh8 24. c6 bxc6 25. Bxc6 Bd7 26. Bxa8 Qxa8 27. Qd5 Bc6 28. Qxf5 Nd7 29. Rbe1 Qa7+ 0-1


[Site "https://www.chess.com"]

[Event "Titled Tuesday Blitz October 11 Early 2022"]
[White "Mohammed, Dilshad"]
[Black "Munkhgal, Gombosuren"]
[WhiteFideId "5050421"]
[BlackFideId "4901266"]
[WhiteElo "2102"]
[BlackElo "2576"]
[Result "0-1"]
[Round "01"]
[TimeControl "180+1"]
[Date "2022.10.12"]
[WhiteClock "0:00:17"]
[BlackClock "0:00:12"]

1. Nf3 Nf6 2. c4 g6 3. Nc3 Bg7 4. e4 O-O 5. d4 d6 6. Be2 e5 7. O-O exd4 8. Nxd4 Re8 9. f3 c6 10. Nc2 Be6 11. Ne3 Na6 12. Na4 Nc7 13. Nc3 d5 14. cxd5 cxd5 15. exd5 Ncxd5 16. Ncxd5 Nxd5 17. Nxd5 Qxd5 18. Qxd5 Bxd5 19. Bd3 a6 20. Rd1 Rad8 21. Bg5 f6 22. Bf4 Bf7 23. Be4 b5 24. Bb7 f5 25. Bxa6 b4 26. Bb5 Rxd1+ 27. Rxd1 Rc8 28. b3 h6 29. Rc1 Bc3 30. Bxh6 Ra8 31. Rc2 Rd8 32. Be2 Bd4+ 33. Kh1 Bc3 34. h4 Rd4 35. Bg5 Rd6 36. Kh2 Rc6 37. f4 Rd6 38. Bf3 Bd5 39. Bxd5+ Rxd5 40. Re2 Rd3 41. g3 Kf7 42. Kg2 Rd1 43. Re7+ Kf8 44. Re2 Rd3 45. Be7+ Kf7 46. Bg5 Rd7 47. Kf3 Ra7 48. g4 Rd7 49. gxf5 gxf5 50. h5 Rd3+ 51. Kg2 Rd7 52. h6 Kg6 53. Kf3 Rd3+ 54. Re3 Rd7 55. Re6+ Kh5 56. Re2 Rd3+ 57. Kg2 Kg4 58. h7 Rg3+ 59. Kf2 Bd4+ 60. Ke1 Rh3 61. Re7 Rh2 62. Kd1 Kf3 63. Rd7 Bc3 64. Rc7 Ke3 65. Re7+ Kd3 66. Rd7+ Ke3 67. Kc1 Rh1+ 68. Kc2 Rh2+ 69. Kc1 Rh1+ 70. Rd1 Rxh7 71. Kc2 Rh2+ 72. Kc1 Ke4 73. Rd7 Rxa2 74. Re7+ Kd3 75. Rd7+ Bd4 76. Rxd4+ Kxd4 77. Bf6+ Kd3 78. Be5 Rc2+ 79. Kb1 Rc3 80. Kb2 Rc2+ 81. Kb1 Re2 82. Bf6 Ke4 83. Be5 Rf2 84. Bd6 Rxf4 85. Bxb4 Rf2 86. Bc5 Re2 87. b4 Kd5 88. Ba7 f4 89. b5 f3 90. b6 f2 0-1


[Site "https://www.chess.com"]

[Event "Titled Tuesday Blitz October 11 Early 2022"]
[White "Moroni, Luca Jr"]
[Black "Salman, Pavel"]
[WhiteFideId "865834"]
[BlackFideId "24153753"]
[WhiteElo "2573"]
[BlackElo "2187"]
[Result "1-0"]
[Round "01"]
[TimeControl "180+1"]
[Date "2022.10.11"]
[WhiteClock "0:02:14"]
[BlackClock "0:01:06"]

1. d4 Nf6 2. Bf4 g6 3. Nc3 Bg7 4. e4 d6 5. Qd2 c6 6. f3 b5 7. O-O-O b4 8. Nce2 Qa5 9. Kb1 Be6 10. Nc1 O-O 11. Bh6 Nbd7 12. h4 Rfb8 13. h5 Bh8 14. hxg6 fxg6 15. Nh3 Bxh3 16. Rxh3 Nb6 17. Nb3 Qa4 18. Bd3 d5 19. e5 Nfd7 20. Qg5 Kf7 21. e6+ Kxe6 22. Re1+ Kd6 23. Qxe7+ Kc7 24. Bf4+ Kb7 25. Nc5+ 1-0


[Site "https://www.chess.com"]

[Event "Titled Tuesday Blitz October 11 Early 2022"]
[White "Mortazavi, Ali"]
[Black "Johnson, Ben"]
[WhiteFideId "401323"]
[BlackFideId "2010917"]
[WhiteElo "2339"]
[BlackElo "2205"]
[Result "1-0"]
[Round "01"]
[TimeControl "180+1"]
[Date "2022.10.12"]
[WhiteClock "0:01:04"]
[BlackClock "0:00:18"]

1. Nf3 d5 2. g3 Bg4 3. Bg2 c6 4. O-O e6 5. d3 Bd6 6. c4 Nd7 7. Be3 Ngf6 8. Qb3 Qc8 9. Nc3 O-O 10. Rac1 dxc4 11. Qxc4 Bxf3 12. Bxf3 Ne5 13. Qb3 Nxf3+ 14. exf3 Qd7 15. Rfd1 Rfd8 16. Bg5 Be7 17. Bxf6 Bxf6 18. Kg2 Qd4 19. Qxb7 Rab8 20. Qxc6 Rxb2 21. Ne4 Rxa2 22. Rc4 Qe5 23. d4 Qa5 24. Nxf6+ gxf6 25. d5 Rb2 26. dxe6 Rxd1 27. Qe8+ Kg7 28. Qxf7+ Kh6 29. Qxf6+ Kh5 30. g4# 1-0


[Site "https://www.chess.com"]

[Event "Titled Tuesday Blitz October 11 Early 2022"]
[White "Mrudul Dehankar"]
[Black "Taichman, Ori"]
[WhiteFideId "25096990"]
[BlackFideId "2804069"]
[WhiteElo "2068"]
[BlackElo "2234"]
[Result "0-1"]
[Round "01"]
[TimeControl "180+1"]
[Date "2022.10.12"]
[WhiteClock "0:00:01"]
[BlackClock "0:00:06"]

1. e4 c5 2. Nf3 Nc6 3. d4 cxd4 4. Nxd4 d5 5. Bb5 dxe4 6. Nxc6 Qxd1+ 7. Kxd1 a6 8. Nd4+ axb5 9. Nxb5 Bg4+ 10. Ke1 Rc8 11. N1c3 e5 12. Be3 Nf6 13. h3 Bh5 14. g4 Bg6 15. Rd1 h5 16. Bb6 Bb4 17. g5 Nd7 18. Be3 Rc6 19. a3 Bxc3+ 20. Nxc3 f5 21. Ke2 f4 22. Bc1 h4 23. Ke1 Nc5 24. Rd5 O-O 25. Rxe5 Ne6 26. Nd5 Rxc2 27. Ne7+ Kh7 28. Kd1 Rxf2 29. Rxe6 Bh5+ 30. Ke1 Re2+ 31. Kf1 Rc2 32. g6+ Kh6 33. Nd5 Rxc1+ 34. Kg2 Rxh1 35. Kxh1 Bf3+ 36. Kg1 e3 37. Kf1 Bxd5 0-1


[Site "https://www.chess.com"]

[Event "Titled Tuesday Blitz October 11 Early 2022"]
[White "Namitbir Singh Walia"]
[Black "Urazayev, Arystanbek"]
[WhiteFideId "35071068"]
[BlackFideId "13709810"]
[WhiteElo "2239"]
[BlackElo "2441"]
[Result "0-1"]
[Round "01"]
[TimeControl "180+1"]
[Date "2022.10.12"]
[WhiteClock "0:00:03"]
[BlackClock "0:00:13"]

1. d4 Nf6 2. c4 g6 3. Nf3 Bg7 4. g3 O-O 5. Bg2 d6 6. O-O c5 7. Nc3 Nc6 8. h3 Bf5 9. Re1 cxd4 10. Nxd4 Nxd4 11. Qxd4 Ne4 12. Qe3 Nxc3 13. bxc3 Qc7 14. Bd2 a6 15. g4 Be6 16. Rab1 Rab8 17. Bd5 Bxd5 18. cxd5 b5 19. Rec1 Rfc8 20. Qd3 Qc4 21. Rb4 Qxa2 22. Re4 Rc7 23. Bg5 Rbb7 24. c4 b4 25. c5 h6 26. cxd6 Rxc1+ 27. Bxc1 exd6 28. g5 h5 29. Re8+ Kh7 30. Rc8 Re7 31. Bf4 Qxe2 32. Qxe2 Rxe2 33. Bxd6 b3 34. Rb8 Re1+ 35. Kg2 b2 36. Bf8 b1=Q 37. Rxb1 Rxb1 38. Ba3 Rd1 39. d6 0-1


[Site "https://www.chess.com"]

[Event "Titled Tuesday Blitz October 11 Early 2022"]
[White "Navalgund, Niranjan"]
[Black "Remizov, Yaroslav"]
[WhiteFideId "5030854"]
[BlackFideId "34134015"]
[WhiteElo "2294"]
[BlackElo "2417"]
[Result "0-1"]
[Round "01"]
[TimeControl "180+1"]
[Date "2022.10.12"]
[WhiteClock "0:00:33"]
[BlackClock "0:01:06"]

1. e4 c6 2. Nf3 d5 3. Nc3 dxe4 4. Nxe4 Nf6 5. Qe2 Nxe4 6. Qxe4 Qd5 7. Qf4 Qf5 8. Qg3 Qxc2 9. Be2 Qe4 10. d3 Qg4 11. Qc7 Na6 12. Qe5 f6 13. Qe3 Qxg2 14. Rg1 Qh3 15. a3 Qe6 16. Qd2 Nc5 17. Nd4 Qd5 18. Qc3 e5 19. Nc2 Nb3 20. Rb1 Nxc1 21. Rxc1 Be6 22. Ne3 Qb3 23. Qd2 g6 24. Rc3 Qb6 25. Nc4 Qc7 26. Qe3 Bxc4 27. dxc4 Bg7 28. h4 b6 29. h5 g5 30. Qe4 O-O-O 31. c5 b5 32. a4 Rd4 33. Qf5+ Qd7 34. h6 Qxf5 35. hxg7 Qb1+ 0-1


[Site "https://www.chess.com"]

[Event "Titled Tuesday Blitz October 11 Early 2022"]
[White "Nozdrachev, Leonid"]
[Black "Le, Tuan Minh"]
[WhiteFideId "24113433"]
[BlackFideId "12401153"]
[WhiteElo "2249"]
[BlackElo "2530"]
[Result "0-1"]
[Round "01"]
[TimeControl "180+1"]
[Date "2022.10.11"]
[WhiteClock "0:00:12"]
[BlackClock "0:00:08"]

1. d4 d5 2. Nf3 Nf6 3. c4 c6 4. g3 Bf5 5. Bg2 e6 6. O-O Nbd7 7. cxd5 exd5 8. Ne5 Be7 9. Nc3 O-O 10. Bg5 Nxe5 11. dxe5 Ng4 12. Bxe7 Qxe7 13. e4 dxe4 14. Nxe4 Qxe5 15. Re1 Qxb2 16. Rb1 Qxa2 17. Rxb7 Rad8 18. Qa1 Qxa1 19. Rxa1 Rfe8 20. h3 Bxe4 21. hxg4 Bxg2 22. Kxg2 Ra8 23. Rc7 a6 24. Rxc6 Re6 25. Rxe6 fxe6 26. Ra5 Kf7 27. Kf3 h6 28. Kf4 Kf6 29. Ke4 Kf7 30. Kf4 Ke7 31. g5 hxg5+ 32. Kxg5 Kf7 33. g4 Ra7 34. f4 Ke7 35. Kg6 Kd6 36. f5 exf5 37. gxf5 Kc6 38. Ra1 a5 39. Rc1+ Kb5 40. Rb1+ Kc5 41. Rc1+ Kd4 42. Rd1+ Ke3 43. Ra1 a4 44. Rxa4 Rxa4 45. Kxg7 Rg4+ 46. Kh6 Rf4 47. Kg6 Ke4 48. f6 Ke5 49. f7 Ke6 50. Kg7 Rxf7+ 51. Kg8 Kf6 0-1


[Site "https://www.chess.com"]

[Event "Titled Tuesday Blitz October 11 Early 2022"]
[White "Obrien, Matthew"]
[Black "Terry, Renato"]
[WhiteFideId "2059150"]
[BlackFideId "3803457"]
[WhiteElo "2540"]
[BlackElo "2577"]
[Result "0-1"]
[Round "01"]
[TimeControl "180+1"]
[Date "2022.10.11"]
[WhiteClock "0:00:07"]
[BlackClock "0:01:40"]

1. e4 c6 2. d4 d5 3. e5 Bf5 4. h4 h6 5. g4 Bd7 6. Be3 e6 7. h5 c5 8. dxc5 Qc7 9. Nf3 Bxc5 10. Bxc5 Qxc5 11. Nc3 Ne7 12. Qd4 Qc7 13. Nb5 Bxb5 14. Bxb5+ Nbc6 15. O-O-O O-O-O 16. Qa4 Qb6 17. Rd2 Kb8 18. Kb1 Rc8 19. c3 a6 20. Bxc6 Nxc6 21. Qb3 Qc5 22. Re1 Na5 23. Qb4 Nc4 24. Rd4 Qxb4 25. cxb4 Rc7 26. Rc1 Rhc8 27. Rc3 Ka7 28. a3 Kb6 29. Ka2 Ka7 30. Rf4 Nb6 31. Rxc7 Rxc7 32. Kb3 Nc4 33. a4 b5 34. axb5 axb5 35. Rd4 Kb6 36. Rd1 Ra7 37. Re1 Ra8 38. Nd4 Rc8 39. f4 Nd2+ 40. Ka2 Ra8# 0-1


[Site "https://www.chess.com"]

[Event "Titled Tuesday Blitz October 11 Early 2022"]
[White "Ohanyan, Emin"]
[Black "Baches Garcia, Guillermo"]
[WhiteFideId "13312022"]
[BlackFideId "2209764"]
[WhiteElo "2302"]
[BlackElo "2454"]
[Result "1-0"]
[Round "01"]
[TimeControl "180+1"]
[Date "2022.10.12"]
[WhiteClock "0:00:04"]
[BlackClock "0:00:19"]

1. e4 c5 2. Nf3 d6 3. d4 cxd4 4. Nxd4 Nf6 5. Nc3 Nc6 6. Bc4 Bd7 7. Bb3 g6 8. O-O Bg7 9. Nxc6 Bxc6 10. f3 O-O 11. Be3 b5 12. Qd2 a5 13. a3 b4 14. axb4 axb4 15. Ne2 Rb8 16. Nd4 Ba8 17. Ra7 Nd7 18. Rfa1 Nc5 19. Bd5 Bxd5 20. exd5 Bxd4 21. Bxd4 b3 22. c3 e5 23. dxe6 Nxe6 24. Bf2 d5 25. R7a5 Nc7 26. h4 h5 27. Re1 Rb7 28. Qg5 Qxg5 29. hxg5 Rd8 30. Bd4 Ne6 31. Bf6 Rc8 32. Rxd5 h4 33. Re4 Ng7 34. Rxh4 Nh5 35. Be5 Re7 36. Rc4 Ra8 37. Rb4 Ra1+ 38. Kf2 Kh7 39. Rxb3 Ng7 40. Bxg7 Kxg7 41. Rb4 Rae1 42. Re4 R7xe4 43. fxe4 Rxe4 44. b4 Rc4 45. Rc5 Re4 46. b5 Re6 47. Rc6 Re5 48. b6 Rb5 49. c4 Kf8 50. cxb5 1-0


[Site "https://www.chess.com"]

[Event "Titled Tuesday Blitz October 11 Early 2022"]
[White "Orzech, Dominik"]
[Black "Csonka, Balazs"]
[WhiteFideId "1115065"]
[BlackFideId "742910"]
[WhiteElo "2272"]
[BlackElo "2404"]
[Result "0-1"]
[Round "01"]
[TimeControl "180+1"]
[Date "2022.10.12"]
[WhiteClock "0:00:03"]
[BlackClock "0:00:06"]

1. Nf3 d5 2. c4 d4 3. g3 c5 4. Bg2 Nc6 5. O-O e5 6. d3 Bd6 7. e3 Nf6 8. exd4 cxd4 9. a3 a5 10. Re1 O-O 11. c5 Bc7 12. Nbd2 Re8 13. Nc4 h6 14. Bd2 Bf5 15. Qc2 e4 16. dxe4 Bxe4 17. Qb3 a4 18. Qb5 Na7 19. Qxa4 Qd5 20. Nh4 Qxc5 21. Qb4 Qd5 22. Bxe4 Nxe4 23. Rad1 Rab8 24. Bc1 Nc6 25. Qb3 Nc5 26. Qc2 d3 27. Qc3 Rxe1+ 28. Rxe1 Rd8 29. Be3 Ne4 30. Qc1 d2 31. Nxd2 Nxd2 32. Bxd2 Qxd2 33. Re8+ Kh7 34. Qb1+ Qd3 35. Qxd3+ Rxd3 36. Rc8 Rd7 37. b4 Be5 38. Nf3 Bf6 39. b5 Nd4 40. Nxd4 Bxd4 41. a4 b6 42. Rc6 Ra7 0-1


[Site "https://www.chess.com"]

[Event "Titled Tuesday Blitz October 11 Early 2022"]
[White "Osiecki, Stanislaw"]
[Black "Sai Han Thiha"]
[WhiteFideId "1102990"]
[BlackFideId "13012290"]
[WhiteElo "2088"]
[BlackElo "2061"]
[Result "0-1"]
[Round "01"]
[TimeControl "180+1"]
[Date "2022.10.12"]
[WhiteClock "0:00:31"]
[BlackClock "0:01:00"]

1. e4 c6 2. d4 d5 3. f3 dxe4 4. fxe4 e5 5. Nf3 Bg4 6. Bc4 Nd7 7. c3 b5 8. Bb3 Ngf6 9. O-O Bd6 10. h3 Bh5 11. Bg5 O-O 12. Nbd2 Qc7 13. Qe1 Rae8 14. Qh4 Bg6 15. Kh1 exd4 16. Bxf6 Nxf6 17. Nxd4 Nxe4 18. Nxe4 Rxe4 19. Qf2 a6 20. Qd2 c5 21. Nf5 Bf4 22. Rxf4 Qxf4 23. Ne7+ Kh8 24. Nxg6+ hxg6 25. Qd7 c4 26. Bc2 Re2 27. Qd1 Qf2 0-1


[Site "https://www.chess.com"]

[Event "Titled Tuesday Blitz October 11 Early 2022"]
[White "Ozer, Omer Faruk"]
[Black "Troltenier, Dirk"]
[WhiteFideId "6354564"]
[BlackFideId "4606400"]
[WhiteElo "2260"]
[BlackElo "2275"]
[Result "1-0"]
[Round "01"]
[TimeControl "180+1"]
[Date "2022.10.12"]
[WhiteClock "0:00:44"]
[BlackClock "0:00:17"]

1. e4 e5 2. Nf3 d6 3. d4 exd4 4. Nxd4 Nf6 5. Nc3 Be7 6. Bf4 O-O 7. Qd2 Nc6 8. O-O-O a6 9. f3 Nxd4 10. Qxd4 Be6 11. g4 b5 12. Kb1 c6 13. h4 d5 14. g5 Nh5 15. exd5 Nxf4 16. Qxf4 cxd5 17. Ne2 Bd6 18. Qd2 Rc8 19. Nd4 Bc5 20. Nxe6 fxe6 21. Bh3 Qd6 22. Rhe1 Rce8 23. Bg4 Kh8 24. h5 d4 25. Re4 e5 26. Qd3 Re7 27. Rde1 Rfe8 28. a3 Qb6 29. Qb3 b4 30. a4 Qd6 31. Qc4 a5 32. Qb5 Bb6 33. f4 Bc7 34. Rxe5 h6 35. Qxe8+ Rxe8 36. Rxe8+ Kh7 37. g6+ 1-0


[Site "https://www.chess.com"]

[Event "Titled Tuesday Blitz October 11 Early 2022"]
[White "Papasimakopoulos, Alexandros"]
[Black "Krzywda, Andrzej"]
[WhiteFideId "4244125"]
[BlackFideId "1114565"]
[WhiteElo "2357"]
[BlackElo "2149"]
[Result "1-0"]
[Round "01"]
[TimeControl "180+1"]
[Date "2022.10.12"]
[WhiteClock "0:00:14"]
[BlackClock "0:00:04"]

1. d4 Nf6 2. c4 c5 3. d5 b5 4. Nf3 Bb7 5. a4 Qa5+ 6. Bd2 b4 7. b3 g6 8. Bc1 Bg7 9. Bb2 O-O 10. Qc2 d6 11. Nbd2 Qc7 12. g3 Nbd7 13. Bg2 Rae8 14. O-O e5 15. dxe6 Rxe6 16. Rfe1 h6 17. Rad1 Rfe8 18. e3 Ng4 19. Bxg7 Kxg7 20. h3 Nge5 21. Nxe5 Nxe5 22. Re2 Bxg2 23. Kxg2 Qb7+ 24. Qe4 Qc7 25. Qd5 Qc6 26. Qxc6 Nxc6 27. Nf3 Na5 28. Rd3 Kf6 29. Red2 Rd8 30. Rd1 Nc6 31. Rd5 Na5 32. R1d3 Nc6 33. Ng1 Ke7 34. Ne2 Rf6 35. h4 h5 36. Nf4 Ne5 37. Rd1 Nc6 38. R5d2 Ke8 39. Nd5 Rf5 40. Nc7+ Ke7 41. Nb5 Rf6 42. Rd3 Rd7 43. Nd4 cxd4 44. exd4 Kd8 45. R1d2 Re7 46. Rd1 Na5 47. Rc1 Rfe6 48. Kf1 Re2 49. c5 dxc5 50. dxc5+ Kc7 51. Rd4 Nc6 52. Rd3 Rb2 53. Rcd1 a5 54. Rd5 Ne5 55. Re1 Nc6 56. Red1 Rxb3 57. Rd6 Ra3 58. Rf6 Rxa4 59. Rdd6 Nd8 60. Ra6 Ra1+ 61. Kg2 b3 62. Ra7+ Kb8 63. Rxe7 b2 64. Rb6+ Kc8 65. Rxb2 a4 66. Rb6 a3 67. Ra6 a2 68. Ra8# 1-0


[Site "https://www.chess.com"]

[Event "Titled Tuesday Blitz October 11 Early 2022"]
[White "Perrine, Dalton"]
[Black "Makhnev, Denis"]
[WhiteFideId "2048434"]
[BlackFideId "13707647"]
[WhiteElo "2530"]
[BlackElo "2486"]
[Result "0-1"]
[Round "01"]
[TimeControl "180+1"]
[Date "2022.10.11"]
[WhiteClock "0:00:01"]
[BlackClock "0:00:55"]

1. Nf3 d5 2. g3 b6 3. Bg2 Bb7 4. O-O e6 5. d4 Nd7 6. c4 dxc4 7. Qa4 Bd6 8. Nbd2 Nf6 9. Nxc4 O-O 10. Nxd6 cxd6 11. Bf4 Qe7 12. Qa3 Ne8 13. Ne5 Bxg2 14. Kxg2 Nxe5 15. dxe5 Qb7+ 16. Qf3 d5 17. Rfc1 Nc7 18. Rc2 Rfc8 19. Rac1 Na6 20. a3 Rxc2 21. Rxc2 Rc8 22. Rc3 Rxc3 23. Qxc3 Nc5 24. f3 h6 25. Be3 Qa6 26. Kf2 Qb5 27. b4 Nd7 28. Qc8+ Nf8 29. Bd4 Qa4 30. Qc3 Qd7 31. Qd3 Ng6 32. Qa6 Ne7 33. a4 Nc6 34. Qb5 Qc7 35. Bb2 Kf8 0-1


[Site "https://www.chess.com"]

[Event "Titled Tuesday Blitz October 11 Early 2022"]
[White "Pham, Le Thao Nguyen"]
[Black "Ozen, Bahadir"]
[WhiteFideId "12401226"]
[BlackFideId "6337058"]
[WhiteElo "2282"]
[BlackElo "2503"]
[Result "0-1"]
[Round "01"]
[TimeControl "180+1"]
[Date "2022.10.12"]
[WhiteClock "0:01:05"]
[BlackClock "0:01:14"]

1. g3 g6 2. Bg2 Bg7 3. Nf3 Nf6 4. O-O O-O 5. Re1 d6 6. b3 Ne4 7. c3 c5 8. Qc2 d5 9. d3 Nd6 10. Bb2 Nc6 11. e4 dxe4 12. dxe4 e5 13. Na3 Be6 14. Rad1 Qe7 15. Bf1 a6 16. Nb1 b5 17. Ba3 Nb7 18. Bc1 f6 19. a4 Nba5 20. Nbd2 Rfb8 21. axb5 axb5 22. Bb2 Qf7 23. b4 cxb4 24. cxb4 Nxb4 25. Qc5 Bf8 26. Qc3 Rc8 27. Qe3 Nc2 28. Qb6 Nxe1 29. Rxe1 Nc4 30. Nxc4 Bxc4 31. Bh3 Rcb8 32. Qe3 Rd8 33. Nd2 Be6 34. Bf1 Rab8 35. h4 b4 36. Nf3 b3 37. h5 Rbc8 38. hxg6 hxg6 39. Ba6 Rc2 40. Bc3 Bc5 41. Qxc5 b2 42. Rb1 Rc1+ 43. Kg2 Rxb1 44. Ng5 Rg1+ 45. Kxg1 b1=Q+ 46. Kg2 fxg5 47. Qxe5 Bh3+ 48. Kh2 Qxf2+ 49. Kxh3 Qh1+ 50. Kg4 Qh5# 0-1


[Site "https://www.chess.com"]

[Event "Titled Tuesday Blitz October 11 Early 2022"]
[White "Piesik, Piotr"]
[Black "Buscar, Michael"]
[WhiteFideId "1136194"]
[BlackFideId "2603616"]
[WhiteElo "2323"]
[BlackElo "2010"]
[Result "1-0"]
[Round "01"]
[TimeControl "180+1"]
[Date "2022.10.12"]
[WhiteClock "0:00:09"]
[BlackClock "0:00:04"]

1. Nf3 d5 2. g3 Nc6 3. Bg2 e5 4. d3 Nf6 5. O-O Be7 6. Nbd2 Be6 7. e4 h6 8. c3 dxe4 9. dxe4 Qd7 10. Qc2 Bh3 11. b4 Bxg2 12. Kxg2 h5 13. b5 Nd8 14. Nxe5 Qe6 15. Nef3 h4 16. Nd4 Qg4 17. h3 Qh5 18. Qd1 Qh7 19. g4 Ne6 20. Nxe6 fxe6 21. Qe2 O-O-O 22. f3 Qg6 23. Kh1 Nh7 24. Nc4 Ng5 25. Ne5 Qf6 26. Bxg5 Qxg5 27. Nf7 Qc5 28. Nxh8 Rxh8 29. Rad1 g5 30. e5 Rf8 31. Rd4 Qxc3 32. Qd3 Qb2 33. f4 Bc5 34. Rc4 b6 35. Qc2 Qxb5 36. f5 Qc6+ 37. Qg2 Qb5 38. Rc2 Kb8 39. f6 Qd3 40. Re2 Be3 41. Qf3 Qb5 42. Rxe3 Rd8 43. f7 Rd2 44. f8=Q+ 1-0


[Site "https://www.chess.com"]

[Event "Titled Tuesday Blitz October 11 Early 2022"]
[White "Pimpalkhare, Vedant"]
[Black "Marin Ramirez, Gerardo"]
[WhiteFideId "25048236"]
[BlackFideId "3901068"]
[WhiteElo "2182"]
[BlackElo "2041"]
[Result "1-0"]
[Round "01"]
[TimeControl "180+1"]
[Date "2022.10.12"]
[WhiteClock "0:01:34"]
[BlackClock "0:00:29"]

1. d4 d5 2. Nf3 c6 3. e3 Nf6 4. c4 Bg4 5. Nbd2 e6 6. Bd3 Be7 7. O-O O-O 8. b3 c5 9. Bb2 cxd4 10. Bxd4 Nc6 11. Bb2 Qa5 12. cxd5 exd5 13. a3 Rfd8 14. b4 Qb6 15. Qb3 a5 16. b5 a4 17. Qc2 Na5 18. Bd4 Qe6 19. Ng5 Qd7 20. Bxh7+ Kf8 21. Bd3 Nc4 22. Bxf6 gxf6 23. Bxc4 dxc4 24. Qh7 fxg5 25. Qh8# 1-0


[Site "https://www.chess.com"]

[Event "Titled Tuesday Blitz October 11 Early 2022"]
[White "Pourkashiyan, Atousa"]
[Black "Vlassov, Nikolai"]
[WhiteFideId "12502014"]
[BlackFideId "4103360"]
[WhiteElo "2247"]
[BlackElo "2324"]
[Result "1/2-1/2"]
[Round "01"]
[TimeControl "180+1"]
[Date "2022.10.12"]
[WhiteClock "0:00:17"]
[BlackClock "0:00:41"]

1. e4 c5 2. Nf3 d6 3. d4 cxd4 4. Nxd4 Nf6 5. Nc3 g6 6. Be2 Bg7 7. O-O O-O 8. Be3 Nc6 9. Qd2 Ng4 10. Bxg4 Bxg4 11. Nd5 Be6 12. c4 Rc8 13. b3 Nxd4 14. Bxd4 Bxd5 15. exd5 Bxd4 16. Qxd4 Qb6 17. Qh4 Rfe8 18. Rfe1 e5 19. dxe6 fxe6 20. Qf6 d5 21. cxd5 exd5 22. Qxb6 axb6 23. Kf1 Kf7 24. Rad1 Rxe1+ 25. Kxe1 Ke6 26. Kd2 b5 27. Kd3 Ra8 28. Rd2 Ke5 29. Re2+ Kd6 30. Kc3 Kc5 31. f4 b4+ 32. Kd3 Rf8 33. g3 Rf7 34. Rc2+ Kd6 35. Re2 Rc7 36. Kd4 Rc1 37. Rd2 Re1 38. Kd3 Kc5 39. Rc2+ Kd6 40. Rd2 Re4 41. Rc2 Re1 42. Rd2 1/2-1/2


[Site "https://www.chess.com"]